General information
- name: BNet
- type: Ladder team game (AT/RT)
- host: Battle.net
- saver: KuKuKu
map: Battleground
- players: 8
- length: 27:54
- speed: Fast
- version: 1.26 W3XP
- replay type: Public
» download(190 KB)
Players
team 1 (loser)
WVUMountaineer (
green | 46 APM | 1224 actions | 26:24)
6 Dark Ranger
3 Black Arrow
2 Life Drain
1 Charm
4 Naga Sea Witch
2 Frost Arrows
2 Forked Lightning
» actions
| Assign group hotkey | 16 | |
| Build / train | 82 | |
| Enter build submenu | 19 | |
| Enter hero's abilities submenu | 10 | |
| Give item / drop item | 5 | |
| Right click | 454 | |
| Select / deselect | 443 | |
| Select group hotkey | 80 | |
| Use ability | 115 | |
1224 total
» units
| Wisp | 20 | |
| Archer | 9 | |
| Forest Troll Berserker | 2 | |
| Forest Troll Shadow Priest | 2 | |
| Dryad | 8 | |
| Druid of the Talon | 1 | |
| Druid of the Claw | 1 | |
| Hippogryph | 5 | |
48 total
» upgrades
| Druid of the Talon Training | 2 | |
| Abolish Magic | 1 | |
| Mark of the Talon | 1 | |
| Druid of the Claw Training | 2 | |
| Well Spring | 1 | |
| Strength of the Wild | 2 | |
| Mark of the Claw | 1 | |
10 total
» buildings
| Ancient of War | 1 | |
| Moon Well | 6 | |
| Altar of Elders | 1 | |
| Ancient of Wonders | 1 | |
| Tree of Ages | 1 | |
| Hunter's Hall | 1 | |
| Tree of Life | 3 | |
| Tree of Eternity | 1 | |
| Ancient of Wind | 1 | |
| Ancient of Lore | 3 | |
19 total
» build order
00:23 Ancient of War
00:36 Moon Well
00:39 Altar of Elders
01:32 Moon Well
01:52 Ancient of Wonders
02:45 Moon Well
03:23 Tree of Ages
04:33 Hunter's Hall
04:35 Moon Well
05:04 Tree of Life
05:48 Tree of Eternity
07:17 Ancient of Wind
07:39 Tree of Life
09:39 Ancient of Lore
09:47 Ancient of Lore
10:23 Ancient of Lore
11:52 Moon Well
12:55 Moon Well
25:18 Tree of Life
» items
| Scroll of Town Portal | 5 | |
| Potion of Lesser Invulnerability | 1 | |
| Scroll of Healing | 1 | |
| Dust of Appearance | 1 | |
| Potion of Healing | 1 | |
| Orb of Venom | 1 | |
10 total
hexmya55 (
blue | 25 APM | 677 actions | 26:35)
4 Blood Mage
2 Flame Strike
2 Siphon Mana
» actions
| Assign group hotkey | 3 | |
| Basic commands | 1 | |
| Build / train | 57 | |
| Enter build submenu | 14 | |
| Enter hero's abilities submenu | 4 | |
| Remove unit from queue | 2 | |
| Right click | 312 | |
| Select / deselect | 237 | |
| Select group hotkey | 6 | |
| Use ability | 41 | |
677 total
» units
| Peasant | 11 | |
| Footman | 12 | |
| Knight | 12 | |
35 total
» upgrades
| Plating | 3 | |
| Swords | 4 | |
| Animal War Training | 1 | |
| Long Rifles | 1 | |
9 total
» buildings
| Altar of Kings | 1 | |
| Barracks | 2 | |
| Farm | 9 | |
| Blacksmith | 1 | |
| Keep | 1 | |
| Arcane Vault | 1 | |
| Castle | 1 | |
| Lumber Mill | 1 | |
17 total
» build order
00:30 Altar of Kings
00:37 Barracks
00:40 Farm
00:41 Farm
01:44 Barracks
02:05 Farm
02:07 Farm
04:30 Blacksmith
04:46 Farm
04:48 Farm
06:10 Keep
06:32 Arcane Vault
09:12 Castle
12:00 Lumber Mill
15:38 Farm
15:39 Farm
16:15 Farm
» items
| Scroll of Regeneration | 1 | |
| Lesser Clarity Potion | 1 | |
| Potion of Healing | 1 | |
| Scroll of Town Portal | 1 | |
4 total

»
BigSlick-AK (
teal | 56 APM | 1505 actions | 26:38)
4 Crypt Lord
2 Carrion Beetles
2 Spiked Carapace
3 Death Knight
2 Death Coil
1 Death Pact
» actions
| Assign group hotkey | 16 | |
| Basic commands | 138 | |
| Build / train | 67 | |
| Enter build submenu | 16 | |
| Enter hero's abilities submenu | 7 | |
| Give item / drop item | 2 | |
| Right click | 406 | |
| Select / deselect | 198 | |
| Select group hotkey | 597 | |
| Use ability | 58 | |
1505 total
» units
| Acolyte | 20 | |
| Ghoul | 5 | |
| Crypt Fiend | 14 | |
| Obsidian Statue | 4 | |
43 total
» upgrades
| Creature Carapace | 2 | |
| Creature Attack | 2 | |
| Web | 1 | |
5 total
» buildings
| Altar of Darkness | 1 | |
| Ziggurat | 6 | |
| Crypt | 1 | |
| Graveyard | 2 | |
| Tomb of Relics | 1 | |
| Halls of the Dead | 1 | |
| Slaughterhouse | 1 | |
| Nerubian Tower | 3 | |
| Sacrificial Pit | 1 | |
| Black Citadel | 1 | |
| Spirit Tower | 2 | |
20 total
» build order
00:09 Altar of Darkness
00:15 Ziggurat
00:44 Crypt
01:04 Graveyard
01:08 Graveyard
01:35 Ziggurat
01:56 Tomb of Relics
02:39 Ziggurat
04:22 Halls of the Dead
05:27 Ziggurat
07:04 Slaughterhouse
07:36 Ziggurat
09:02 Ziggurat
10:38 Nerubian Tower
10:45 Nerubian Tower
14:07 Sacrificial Pit
14:46 Black Citadel
24:54 Nerubian Tower
24:56 Spirit Tower
25:02 Spirit Tower
» items
| Rod of Necromancy | 2 | |
| Scroll of Town Portal | 1 | |
3 total
Machaivelli (
pink | 20 APM | 556 actions | 27:53)
2 Demon Hunter
1 Evasion
1 Immolation
» actions
| Assign group hotkey | 1 | |
| Basic commands | 19 | |
| Build / train | 64 | |
| ESC pressed | 1 | |
| Enter build submenu | 27 | |
| Enter hero's abilities submenu | 2 | |
| Remove unit from queue | 1 | |
| Right click | 132 | |
| Select / deselect | 271 | |
| Select group hotkey | 1 | |
| Use ability | 37 | |
556 total
» units
| Wisp | 21 | |
| Archer | 8 | |
| Mountain Giant | 3 | |
| Hippogryph | 15 | |
47 total
» upgrades
| Strength of the Wild | 3 | |
| Reinforced Hides | 3 | |
| Nature's Blessing | 1 | |
| Well Spring | 1 | |
| Hardened Skin | 1 | |
| Resistant Skin | 1 | |
10 total
» buildings
| Altar of Elders | 1 | |
| Moon Well | 14 | |
| Ancient of War | 1 | |
| Hunter's Hall | 2 | |
| Tree of Ages | 1 | |
| Ancient of Wonders | 1 | |
| Tree of Eternity | 1 | |
| Ancient of Lore | 4 | |
| Tree of Life | 1 | |
| Ancient of Wind | 3 | |
29 total
» build order
00:09 Altar of Elders
00:21 Moon Well
00:33 Ancient of War
01:31 Moon Well
02:19 Moon Well
02:43 Hunter's Hall
02:52 Hunter's Hall
04:04 Moon Well
04:20 Moon Well
04:29 Tree of Ages
04:36 Ancient of Wonders
04:55 Moon Well
05:24 Moon Well
05:33 Moon Well
06:04 Moon Well
06:23 Moon Well
07:05 Moon Well
08:03 Tree of Eternity
09:04 Ancient of Lore
09:05 Ancient of Lore
09:06 Ancient of Lore
09:14 Moon Well
09:20 Moon Well
10:14 Moon Well
13:11 Ancient of Lore
16:05 Tree of Life
17:58 Ancient of Wind
17:59 Ancient of Wind
21:09 Ancient of Wind
» items
| Orb of Venom | 1 | |
| Scroll of Town Portal | 1 | |
2 total
team 2 (winner)

»
Odin[inca] (
purple | 84 APM | 2343 actions | 27:53)
8 Death Knight
3 Death Coil
3 Unholy Aura
1 Animate Dead
1 Death Pact
1 Lich
1 Frost Nova
» actions
| Assign group hotkey | 85 | |
| Build / train | 86 | |
| Enter build submenu | 18 | |
| Enter hero's abilities submenu | 9 | |
| Give item / drop item | 2 | |
| Right click | 1557 | |
| Select / deselect | 227 | |
| Select group hotkey | 250 | |
| Use ability | 109 | |
2343 total
» units
| Acolyte | 2 | |
| Ghoul | 10 | |
| Frost Wyrm | 15 | |
27 total
» upgrades
| Creature Attack | 3 | |
| Web | 1 | |
| Freezing Breath | 1 | |
| Creature Carapace | 2 | |
7 total
» buildings
| Ziggurat | 8 | |
| Crypt | 1 | |
| Nerubian Tower | 1 | |
| Halls of the Dead | 3 | |
| Graveyard | 1 | |
| Altar of Darkness | 1 | |
| Tomb of Relics | 1 | |
| Sacrificial Pit | 1 | |
| Black Citadel | 5 | |
| Boneyard | 2 | |
| Necropolis | 1 | |
25 total
» build order
00:23 Ziggurat
00:27 Crypt
00:33 Ziggurat
01:34 Nerubian Tower
02:38 Halls of the Dead
02:38 Halls of the Dead
02:38 Halls of the Dead
02:51 Graveyard
03:00 Ziggurat
03:15 Altar of Darkness
03:34 Tomb of Relics
04:55 Ziggurat
05:00 Sacrificial Pit
05:07 Black Citadel
05:07 Black Citadel
05:08 Black Citadel
05:08 Black Citadel
08:10 Boneyard
08:18 Boneyard
19:20 Ziggurat
19:22 Ziggurat
19:25 Ziggurat
19:25 Ziggurat
25:15 Necropolis
» items
| Rod of Necromancy | 8 | |
| Sacrificial Skull | 1 | |
| Boots of Speed | 1 | |
| Potion of Lesser Invulnerability | 2 | |
| Scroll of Town Portal | 4 | |
| Potion of Healing | 3 | |
| Potion of Mana | 11 | |
30 total
KuKuKu (
yellow | 94 APM | 2632 actions | 27:54)
9 Blood Mage
3 Flame Strike
3 Siphon Mana
1 Summon Phoenix
2 Banish
» actions
| Assign group hotkey | 112 | |
| Basic commands | 126 | |
| Build / train | 152 | |
| ESC pressed | 4 | |
| Enter build submenu | 54 | |
| Enter hero's abilities submenu | 9 | |
| Give item / drop item | 3 | |
| Right click | 802 | |
| Select / deselect | 389 | |
| Select group hotkey | 792 | |
| Use ability | 189 | |
2632 total
» units
| Peasant | 15 | |
| Footman | 7 | |
| Rifleman | 7 | |
| Sorceress | 2 | |
| Gryphon Rider | 6 | |
| Dragonhawk Rider | 2 | |
39 total
» upgrades
| Gunpowder | 2 | |
| Armor | 2 | |
| Long Rifles | 1 | |
| Masonry | 3 | |
| Sorceress Training | 2 | |
| Lumber Harvesting | 2 | |
| Magic Sentry | 1 | |
| Swords | 3 | |
| Storm Hammers | 1 | |
| Cloud | 1 | |
18 total
» buildings
| Altar of Kings | 1 | |
| Barracks | 1 | |
| Farm | 11 | |
| Lumber Mill | 2 | |
| Blacksmith | 1 | |
| Arcane Vault | 1 | |
| Keep | 2 | |
| Town Hall | 1 | |
| Scout Tower | 25 | |
| Guard Tower | 48 | |
| Arcane Sanctum | 1 | |
| Castle | 4 | |
| Gryphon Aviary | 4 | |
102 total
» build order
01:06 Altar of Kings
01:09 Barracks
01:11 Farm
01:53 Farm
02:25 Farm
02:27 Farm
02:38 Lumber Mill
02:58 Farm
03:24 Blacksmith
03:49 Farm
04:29 Arcane Vault
04:56 Keep
04:56 Keep
07:57 Town Hall
08:00 Scout Tower
08:01 Scout Tower
08:03 Scout Tower
08:06 Scout Tower
08:22 Scout Tower
08:24 Scout Tower
08:29 Guard Tower
08:29 Guard Tower
08:29 Guard Tower
08:29 Guard Tower
08:31 Guard Tower
08:32 Guard Tower
09:25 Scout Tower
09:31 Scout Tower
09:34 Scout Tower
09:42 Arcane Sanctum
09:47 Scout Tower
09:51 Scout Tower
10:04 Guard Tower
10:04 Guard Tower
10:04 Guard Tower
10:38 Guard Tower
10:38 Guard Tower
10:41 Guard Tower
10:41 Guard Tower
10:44 Guard Tower
10:45 Guard Tower
10:45 Guard Tower
10:55 Scout Tower
10:57 Scout Tower
11:35 Guard Tower
11:35 Guard Tower
11:52 Guard Tower
11:52 Guard Tower
11:54 Scout Tower
12:14 Castle
12:15 Castle
14:03 Scout Tower
14:04 Scout Tower
14:05 Scout Tower
14:19 Guard Tower
14:19 Guard Tower
14:30 Guard Tower
14:31 Guard Tower
14:31 Guard Tower
14:31 Guard Tower
14:31 Guard Tower
14:33 Scout Tower
15:13 Guard Tower
15:14 Guard Tower
15:23 Gryphon Aviary
15:24 Gryphon Aviary
15:32 Gryphon Aviary
16:15 Gryphon Aviary
16:28 Scout Tower
16:30 Scout Tower
16:39 Scout Tower
17:31 Guard Tower
18:53 Scout Tower
18:55 Scout Tower
19:00 Scout Tower
19:02 Scout Tower
19:28 Guard Tower
19:28 Guard Tower
20:21 Lumber Mill
20:54 Guard Tower
22:58 Guard Tower
22:58 Guard Tower
23:11 Guard Tower
23:11 Guard Tower
23:57 Farm
23:58 Farm
23:59 Farm
24:01 Farm
24:03 Farm
» items
| Scroll of Regeneration | 7 | |
| Staff of Teleportation | 1 | |
| Boots of Speed | 1 | |
| Potion of Invisibility | 4 | |
| Lesser Clarity Potion | 3 | |
| Periapt of Vitality | 1 | |
| Scroll of Town Portal | 3 | |
| Potion of Mana | 1 | |
| Potion of Lesser Invulnerability | 1 | |
| Healing Salve | 1 | |
23 total

»
Nigers-R-Apes (
orange | 48 APM | 1336 actions | 27:53)
4 Tauren Chieftain
2 Endurance Aura
2 War Stomp
4 Shadow Hunter
2 Healing Wave
2 Hex
» actions
| Basic commands | 52 | |
| Build / train | 62 | |
| ESC pressed | 2 | |
| Enter build submenu | 24 | |
| Enter hero's abilities submenu | 8 | |
| Give item / drop item | 1 | |
| Remove unit from queue | 3 | |
| Right click | 723 | |
| Select / deselect | 366 | |
| Use ability | 95 | |
1336 total
» units
| Peon | 10 | |
| Grunt | 7 | |
| Spirit Walker | 2 | |
| Raider | 5 | |
| Tauren | 7 | |
31 total
» upgrades
| Pillage | 1 | |
| Armor | 1 | |
| Berserker Strength | 1 | |
| Melee Weapons | 1 | |
| Ensnare | 1 | |
| Reinforced Defenses | 1 | |
| Spirit Walker Training | 1 | |
| Pulverize | 1 | |
8 total
» buildings
| Altar of Storms | 1 | |
| Orc Burrow | 6 | |
| Barracks | 1 | |
| Voodoo Lounge | 2 | |
| War Mill | 1 | |
| Stronghold | 1 | |
| Beastiary | 1 | |
| Spirit Lodge | 2 | |
| Fortress | 1 | |
| Watch Tower | 4 | |
| Tauren Totem | 1 | |
| Great Hall | 1 | |
22 total
» build order
00:09 Altar of Storms
00:14 Orc Burrow
00:51 Barracks
02:06 Voodoo Lounge
02:18 Orc Burrow
02:46 War Mill
03:01 Orc Burrow
04:14 Stronghold
07:17 Beastiary
07:19 Spirit Lodge
07:21 Fortress
07:29 Orc Burrow
08:11 Orc Burrow
10:01 Watch Tower
10:02 Watch Tower
10:07 Tauren Totem
10:21 Orc Burrow
11:02 Watch Tower
13:49 Spirit Lodge
16:15 Voodoo Lounge
18:53 Watch Tower
21:52 Great Hall
» items
| Healing Salve | 2 | |
| Scroll of Town Portal | 2 | |
| Potion of Healing | 1 | |
| Lesser Clarity Potion | 1 | |
6 total

»
Scholarvate (
red | 45 APM | 1263 actions | 27:53)
5 Keeper of the Grove
2 Entangling Roots
3 Force of Nature
3 Priestess of the Moon
2 Trueshot Aura
1 Searing Arrows
» actions
| Assign group hotkey | 18 | |
| Basic commands | 1 | |
| Build / train | 63 | |
| Enter build submenu | 12 | |
| Enter hero's abilities submenu | 9 | |
| Remove unit from queue | 2 | |
| Right click | 816 | |
| Select / deselect | 201 | |
| Select group hotkey | 82 | |
| Use ability | 59 | |
1263 total
» units
| Wisp | 8 | |
| Archer | 6 | |
| Huntress | 10 | |
| Druid of the Talon | 6 | |
| Dryad | 5 | |
35 total
» upgrades
| Sentinel | 1 | |
| Strength of the Moon | 1 | |
| Druid of the Talon Training | 2 | |
| Upgrade Moon Glaive | 1 | |
| Abolish Magic | 1 | |
| Strength of the Wild | 1 | |
| Reinforced Hides | 1 | |
| Mark of the Talon | 1 | |
9 total
» buildings
| Altar of Elders | 1 | |
| Moon Well | 5 | |
| Ancient of War | 1 | |
| Ancient of Wonders | 1 | |
| Hunter's Hall | 1 | |
| Tree of Ages | 1 | |
| Tree of Eternity | 1 | |
| Ancient of Wind | 1 | |
| Ancient of Lore | 1 | |
13 total
» build order
00:12 Altar of Elders
00:19 Moon Well
00:28 Ancient of War
01:35 Moon Well
01:49 Ancient of Wonders
03:08 Moon Well
03:35 Hunter's Hall
04:28 Tree of Ages
07:42 Tree of Eternity
07:46 Ancient of Wind
10:14 Ancient of Lore
12:33 Moon Well
14:22 Moon Well
» items
| Scroll of Town Portal | 2 | |
| Orb of Venom | 1 | |
| Scroll of Regeneration | 2 | |
5 total
Chat log
(00:31 / All) BigSlick-AK: why so many racist on this game/
(00:42 / All) KuKuKu: It's to be provocative
(00:43 / All) Nigers-R-Apes: whos racist?
(00:52 / All) KuKuKu: He's also referring to Nigerians with his name
(00:54 / All) WVUMountaineer: white homo phob
(00:59 / All) KuKuKu: and let's be honest Nigerians are dirty scamming apes
(01:23 / All) Nigers-R-Apes: Actually i was refering to American niggers
(01:31 / All) KuKuKu: It says nigers
(01:38 / All) Nigers-R-Apes: but blizz wont let you spell it "niggers"
(01:45 / Allies) Odin[inca]: ?¿?
(01:45 / All) KuKuKu: You should have gone NlGGERS in caps
(01:49 / All) KuKuKu: capital i
(02:00 / All) Nigers-R-Apes: you mean capital L?
(02:05 / All) KuKuKu: yeah
(02:11 / All) Nigers-R-Apes: true
(02:26 / All) BigSlick-AK: but you can say fuck?
(02:35 / All) Nigers-R-Apes: now i feel kinda bad calling niggers apes
(02:41 / All) Nigers-R-Apes: the apes dont deserve it
(02:44 / All) KuKuKu: lawl
(02:45 / All) hexmya55: lol
(03:25 / All) Nigers-R-Apes: but using double g i think it wont fit
(03:33 / All) KuKuKu: You could remove the hyphens
(03:43 / All) Nigers-R-Apes: but i dont want to it makes it stand out
(04:00 / All) Nigers-R-Apes: i get the point accross i think
(09:55 / Allies) Nigers-R-Apes: b
(09:56 / Allies) Nigers-R-Apes: b
(09:56 / Allies) Nigers-R-Apes: b
(09:57 / Allies) Nigers-R-Apes: b
(11:14 / Allies) Nigers-R-Apes: help
(11:27 / All) Nigers-R-Apes: wow
(11:28 / All) Nigers-R-Apes: no help
(11:30 / All) Nigers-R-Apes: at all
(11:31 / All) Nigers-R-Apes: lol
(11:40 / Allies) KuKuKu: not over yet
(11:44 / Allies) Nigers-R-Apes: its over
(11:48 / Allies) Nigers-R-Apes: ima tk
(11:50 / Allies) KuKuKu: it is if you are such a fucking pussy
(11:58 / Allies) Nigers-R-Apes: fucking moron
(12:00 / Allies) Nigers-R-Apes: you guys
(12:01 / Allies) Nigers-R-Apes: dont ever
(12:03 / Allies) Nigers-R-Apes: help
(12:03 / Allies) Nigers-R-Apes: at all
(12:17 / Allies) Scholarvate: NO UNBITS TO HELP IF U DIDNT SEE THAT
(12:23 / Allies) Scholarvate: sry caps
(12:29 / All) Odin[inca]: gogogog
(13:27 / Allies) Nigers-R-Apes: gold me and wood
(13:28 / Allies) Nigers-R-Apes: fucking
(13:29 / Allies) Nigers-R-Apes: now
(13:33 / Allies) KuKuKu: you said you'd tk
(13:39 / Allies) Nigers-R-Apes: ya i willl
(13:40 / Allies) Nigers-R-Apes: if you dont
(13:42 / Allies) Nigers-R-Apes: no bullshit
(13:43 / Allies) KuKuKu: lol
(13:46 / Allies) KuKuKu: i'm scared
(13:49 / Allies) Odin[inca]: use gold men use gold 1300 gold
(13:50 / Allies) Nigers-R-Apes: ok
(13:52 / Allies) Nigers-R-Apes: ur dead
(13:56 / Allies) Nigers-R-Apes: fucking moron
(14:00 / Allies) Nigers-R-Apes: i lost
(14:03 / Allies) Nigers-R-Apes: all my burrows
(14:06 / Allies) Nigers-R-Apes: i cant make shit
(14:09 / Allies) KuKuKu: you couldn't if you wanted to
(14:22 / All) Nigers-R-Apes: and they leave
(14:24 / All) Nigers-R-Apes: me again
(14:26 / All) Nigers-R-Apes: lmfao
(14:28 / All) KuKuKu: you arent worth saving
(14:34 / Allies) Odin[inca]: 18000 gold
(14:41 / Allies) Odin[inca]: 15000 gold
(14:45 / Allies) Scholarvate: and 130 lumber
(14:57 / Allies) Odin[inca]: use gold foe wisp suck
(15:40 / Allies) Odin[inca]: gogo focus hero
(15:50 / All) Nigers-R-Apes: how am i still alive?
(15:51 / All) Nigers-R-Apes: lol
(17:13 / All) Nigers-R-Apes: lol yellow has 3k gold
(17:21 / All) KuKuKu: and did more than you all game with only a bloodmage
(17:22 / All) Nigers-R-Apes: the nigger with down syndrome is massing towers
(18:14 / All) KuKuKu: am I the only one on my team not getting killed?????
(18:27 / All) Nigers-R-Apes: no
(18:33 / All) Nigers-R-Apes: sooon enough you will be
(18:43 / All) KuKuKu: try me
(18:46 / All) KuKuKu: oj
(18:49 / All) KuKuKu: you suck
(19:43 / All) KuKuKu: leave orange you suck cock
(19:50 / All) Nigers-R-Apes: umad bro?
(19:55 / All) KuKuKu: not really
(19:59 / All) KuKuKu: you aren't even killing 1 building
(20:08 / All) KuKuKu: tping from a failed tk lol
(20:26 / All) Nigers-R-Apes: must be nice doing nothing all game but makines towers lol
(20:30 / All) KuKuKu: it's fun
(20:41 / All) Nigers-R-Apes: i agree
(20:49 / All) KuKuKu: you should try it sometime
(20:54 / All) Nigers-R-Apes: =D
(21:30 / All) Odin[inca]: fuck yelllow noob
(21:32 / Allies) KuKuKu: I killed his hero and 3 fiends
(21:53 / All) KuKuKu: A high level hero and 3 knights is a good trade, purple
(21:59 / All) hexmya55: team kill!!!
(22:41 / Allies) Nigers-R-Apes: 300g
(22:50 / Allies) Nigers-R-Apes: yellow
(22:53 / Allies) KuKuKu: why lol
(22:54 / Allies) KuKuKu: you're a bad tker
(23:00 / Allies) Nigers-R-Apes: do it
(23:03 / Allies) KuKuKu: no
(23:26 / All) KuKuKu: Orange can't even stop us from winning if he wants to
(23:33 / All) Nigers-R-Apes: so mad
(23:45 / All) KuKuKu: Why would I be mad lol
(25:14 / Allies) Scholarvate: lvl 1
(25:37 / All) KuKuKu: This is how you do it, orange
(25:43 / All) Nigers-R-Apes: =D
(26:08 / All) KuKuKu: I'll be honest I wasn't sure if we'd win this
(26:12 / All) KuKuKu: You made it entertaining though
(26:16 / All) Nigers-R-Apes: =D
(26:33 / All) hexmya55: bc pink fucking dsucks
(26:41 / All) KuKuKu: wow
(26:45 / Allies) Scholarvate: ahahaha the must funny part is that we are winning
(26:50 / Allies) KuKuKu: I know lawl
(26:53 / All) Nigers-R-Apes: this game was all me
(27:00 / All) KuKuKu: You made it a show